 Dungeon Crawl Stone Soup version 0.30-a0-852-g08b95dd62f (webtiles) character file.

Game seed: 2218522104840647162

84 demibob the Magician (level 4, -1/30 HPs)
             Began as a Demonspawn Wanderer on Mar 4, 2023.
             Was an Initiate of Ashenzari.
             Slain by a black bear (2 damage)
             ... on level 4 of the Dungeon.
             The game lasted 00:03:20 (2666 turns).

demibob the Magician (Demonspawn Wanderer)          Turns: 2666, Time: 00:03:21

Health: -1/30      AC: 11    Str: 13    XL:     4   Next: 24%
Magic:  11/11      EV: 10    Int: 13    God:    Ashenzari [......]
Gold:   121        SH:  4    Dex: 14    Spells: 12/13 levels left

rFire   . . .      SeeInvis .    a - +2 spear "Behold Eternity" {protect, Evo, Melee} (curse)
rCold   + . .      Faith    .    b - +0 buckler
rNeg    + . .      Spirit   .    i - +1 leather armour {rC+}
rPois   .          Reflect  .    (no helmet)
rElec   .          Rampage  .    (no cloak)
rCorr   .                        (no gloves)
Will    .....                    (no boots)
Stlth   +                        (no amulet)
HPRegen 0.25/turn                N - ring of positive energy
MPRegen 0.12/turn                (no ring)

@: under a protective aura
A: demonic touch 1
a: Renounce Religion, Shatter the Chains


You were on level 4 of the Dungeon.
You worshipped Ashenzari.
Ashenzari was noncommittal.
You visited 1 branch of the dungeon, and saw 4 of its levels.

You collected 121 gold pieces.


Innate Abilities, Weirdness & Mutations

Your touch may inflict minor irresistible damage on your foes.


   Skills:
 * Level 4.1(4.5) Polearms
 + Level 2.7 Shields
 - Level 5.0 Spellcasting


You had 12 spell levels left.
You knew the following spells:

 Your Spells              Type           Power      Damage    Failure   Level
f - Foxfire               Conj/Fire      12%        2x1d4     32%         1

Your spell library contained the following spells:

 Spells                   Type           Power      Damage    Failure   Level
 Slow                     Hex            12%        N/A       32%         1
 Confusing Touch          Hex            3%         N/A       67%         3
 Inner Flame              Hex/Fire       3%         N/A       67%         3
 Ozocubu's Armour         Ice            3%         N/A       67%         3
 Vampiric Draining        Necr           3%         2d6       67%         3
 Ozocubu's Refrigeration  Ice            1%         4d7       100%        7

Inventory:

Hand Weapons
 a - the cursed +2 spear "Behold Eternity" (weapon) {protect, Evo, Melee}

   It has a curse which improves the following skills: Evocations: Evocations.
   Melee Combat: Short Blades, Long Blades, Axes, Maces & Flails, Polearms,
   Staves and Unarmed Combat.
Armour
 b - a +0 buckler (worn)
 i - a +1 leather armour of cold resistance (worn)
Jewellery
 h - an amulet of magic regeneration
 N - a ring of positive energy (left hand)
Scrolls
 c - a scroll of fog
 d - 2 scrolls of identify {@r1}
 j - a scroll of brand weapon
 l - a scroll of teleportation {@r2}
Potions
 e - a potion of flight
 f - 3 potions of magic
 g - 2 potions of lignification
 k - a potion of curing {unknown}
 o - a potion of berserk rage {unknown}
 p - a potion of attraction {unknown}

Dungeon Overview and Level Annotations

Branches:
Dungeon (4/15)
 Temple: D:4-7

Altars:
Ashenzari

.........#
.........#
.........##
..........#
..........#
..........#
......h...#
.......@..####
.##..........#
.............#
.............#
.............#
.............#
.............#
.......>.....#
#.#..........#


You could see a black bear (berserk).


Message History

The black bear claws you but does no damage. x2
You hit the black bear but do no damage.
The black bear is heavily wounded.
You puncture the black bear!
The black bear is severely wounded.
The black bear goes berserk!
You hit the black bear.
The black bear is almost dead.
You block the black bear's attack. The black bear claws you.
* * * LOW HITPOINT WARNING * * *
The black bear claws you but does no damage.
The black bear barely misses you. The black bear completely misses you.
You block the black bear's attack.
You hit the black bear.
The black bear is almost dead.
The black bear misses you. You block the black bear's attack.
The black bear claws you but does no damage.
You closely miss the black bear.
The black bear is almost dead.
The black bear closely misses you.
The black bear claws you but does no damage. x2
The black bear barely misses you. The black bear claws you.
* * * LOW HITPOINT WARNING * * *
The black bear barely misses you.
You barely miss the black bear.
The black bear is almost dead.
The black bear bites you.
* * * LOW HITPOINT WARNING * * *
The black bear misses you. The black bear claws you.
You die...

Skill      XL: |  1  2  3 |
---------------+----------+-----
Polearms       | 3 4 |  4.1
Shields        | 2 |  2.7
Spellcasting   | |  5.0

Action                     |  1- 3 |  4- 6 || total
---------------------------+-------+-------++-------
  Melee: Spear             |   168 |    64 ||   232
 Invoke: Curse Item        |       |     1 ||     1
    Use: Scroll            |     5 |     4 ||     9
   Stab: Sleeping          |     4 |     2 ||     6
 Armour: Robe              |    24 |       ||    24
         Leather armour    |     5 |    26 ||    31
  Dodge: Dodged            |    56 |    27 ||    83
  Block: Buckler           |    21 |    11 ||    32

Levels and vault maps discovered:
D:1:      lemuel_arrival_cross, layout_basic
D:2:      minmay_roachtagon, layout_basic
D:3:      layout_loops_corners, shapermc_ecumenical_altar_hornbeckon,
          minmay_hedge_maze
D:4:      layout_basic, kennysheep_little_box, minmay_temple_entry_proselytizer

Notes
Turn   | Place    | Note
-------+----------+-------------------------------------------
     0 | D:1      | demibob the Demonspawn Wanderer began the quest for the
                  | Orb.
     0 | D:1      | demibob set off with the following items: a +2 spear, a +0
                  | buckler, a scroll of fog, a +0 robe; and the following
                  | spell memorised: Foxfire; and the following spells
                  | available to memorise: Inner Flame.
     0 | D:1      | Reached XP level 1. HP: 13/13 MP: 6/6
   296 | D:1      | Reached skill level 3 in Polearms
   296 | D:1      | Reached skill level 2 in Shields
   372 | D:1      | Gained mutation: Your touch may inflict minor irresistible
                  | damage on your foes. [demonic ancestry]
   372 | D:1      | Reached XP level 2. HP: 19/19 MP: 8/8
  1113 | D:2      | Reached XP level 3. HP: 24/24 MP: 9/9
  1713 | D:3      | Reached skill level 4 in Polearms
  1831 | D:3      | Reached XP level 4. HP: 30/30 MP: 11/11
  2240 | D:3      | Found a faded altar of an unknown god.
  2326 | D:3      | Prayed at the altar of an unknown god.
  2326 | D:3      | Became a worshipper of Ashenzari the Shackled
  2645 | D:4      | Noticed a black bear
  2666 | D:4      | HP: 1/30 [black bear (6)]
  2666 | D:4      | Slain by a black bear

Vanquished Creatures
  An adder (D:2)
  2 worms
  A dart slug (D:1)
  6 ball pythons
  5 bats
  4 endoplasms
  7 giant cockroaches
  6 goblins
  5 hobgoblins
  4 jackals (D:2)
  4 quokkas
  6 frilled lizards
  4 kobolds
  7 rats
62 creatures vanquished.

Table legend: (Time is in decaauts)
 A = Elapsed time spent in this place.
 B = Non-inter-level travel time spent in this place.
 C = Inter-level travel time spent in this place.
 D = Time resting spent in this place.
 E = Time spent auto-exploring this place.
 F = Levels seen in this place.
 G = Mean time per level.
                   A        B        C        D        E       F      G
               +--------+--------+--------+--------+--------+-----+--------+
         Total |   2666 |   2569 |     97 |    116 |   1993 |   4 |  666.5 |
       Dungeon |   2666 |   2569 |     97 |    116 |   1993 |   4 |  666.5 |
               +--------+--------+--------+--------+--------+-----+--------+

Top non-repeatable levels by time:
     D:3: 1082 daAuts
     D:1: 876 daAuts
     D:2: 653 daAuts
     D:4: 54 daAuts

Table legend:
 A = Non-vault XP
 B = Vault XP
 C = Vault XP percentage of total XP
 D = Non-vault monster count
 E = Vault monster count
 F = Vault count percentage of total count
                 A         B        C        D         E       F
            +---------+---------+-------+---------+---------+-------
      Total |     109 |      12 |   9.9 |      56 |       6 |   9.7
            +---------+---------+-------+---------+---------+-------
        D:1 |      29 |       0 |   0.0 |      17 |       0 |   0.0
        D:2 |      45 |      12 |  21.1 |      19 |       6 |  24.0
        D:3 |      33 |       0 |   0.0 |      19 |       0 |   0.0
        D:4 |       2 |       0 |   0.0 |       1 |       0 |   0.0
            +---------+---------+-------+---------+---------+-------
